 Dungeon Crawl Stone Soup version 0.28.0 (webtiles) character file.

Game seed: 14779180386333662771

9 psuckher the Sneak (level 2, -2/24 HPs)
             Began as a Demonspawn Delver on Feb 15, 2022.
             Was an Initiate of Gozag.
             Slain by an adder (3 damage)
             ... on level 5 of the Dungeon.
             The game lasted 00:03:25 (568 turns).

psuckher the Sneak (Demonspawn Delver)               Turns: 568, Time: 00:03:26

Health: -2/24      AC:  3    Str: 12    XL:     2   Next: 3%
Magic:  2/2        EV: 11    Int: 11    God:    Gozag
Gold:   46         SH:  0    Dex: 14    Spells: 1/1 levels left

rFire   . . .      SeeInvis .   a - +0 hand axe
rCold   . . .      Faith    .   (no shield)
rNeg    . . .      Spirit   .   b - +0 leather armour
rPois   .          Reflect  .   (no helmet)
rElec   .          Harm     .   (no cloak)
rCorr   .          Rampage  .   (no gloves)
Will    .....                   (no boots)
Stlth   +++.......              (no amulet)
HPRegen 0.08/turn               (no ring)
MPRegen 0.08/turn               (no ring)

@: lethally poisoned (-2 -> -5), about to teleport
A: hooves 1
a: Renounce Religion, Potion Petition, Call Merchant, Bribe Branch


You were on level 5 of the Dungeon.
You worshipped Gozag.
Gozag was noncommittal.
You visited 2 branches of the dungeon, and saw 2 of its levels.

You collected 67 gold pieces.
You paid 21 gold pieces to Gozag.

Inventory:

Hand Weapons
 a - a +0 hand axe (weapon)
Armour
 b - a +0 leather armour (worn)
Wands
 g - a wand of digging (3)
Scrolls
 c - a scroll of fog
 d - a scroll of magic mapping
Potions
 f - a potion of haste


   Skills:
 + Level 3.1 Fighting
 + Level 1.8 Axes
 + Level 1.8 Dodging
 + Level 4.8 Stealth


You had one spell level left.
You didn't know any spells.
Your spell library was empty.

Dungeon Overview and Level Annotations

Branches:
Dungeon (5/15)             Temple (1/1) D:5

Altars:
Gozag
Hepliaklqana
Kikubaaqudgha
Makhleb
Nemelex Xobeh
Okawaru
Ru
Sif Muna
Uskayaw
Wu Jian
The Shining One


Innate Abilities, Weirdness & Mutations

You have large cloven feet.


Message History

You feel sick.
You are no longer poisoned.
You have reached level 2!
Your demonic ancestry asserts itself...
Your feet thicken and deform.
You now have 15 gold pieces (gained 8).
Found 14 gold pieces.
You now have 29 gold pieces (gained 14).
Found 17 gold pieces.
An adder comes into view.
You see here 17 gold pieces.
You now have 46 gold pieces (gained 17).
You barely miss the adder. The adder closely misses you. The adder bites you.
You are poisoned.
The adder poisons you!
You hit the adder.
The adder is moderately wounded.
You feel sick. The adder barely misses you.
You miss the adder. Your kick misses the adder.
The adder is moderately wounded.
You feel sick. The adder bites you but does no damage. The adder bites you.
* * * LOW HITPOINT WARNING * * *
You are lethally poisoned!
The adder poisons you!
You barely miss the adder.
The adder is moderately wounded.
* * * LOW HITPOINT WARNING * * *
You feel very sick. The adder misses you.
Unknown command.
As you read the scroll labelled FEYTIA CAETEI, it crumbles to dust.
You feel strangely unstable.
It was a scroll of teleportation.
* * * LOW HITPOINT WARNING * * *
You feel sick. The adder bites you but does no damage.
You miss the adder. You kick the adder.
The adder is heavily wounded.
* * * LOW HITPOINT WARNING * * *
You feel sick. The adder bites you.
You die...
Your body crumbles into a pile of gold.

#.##.## #.#### #.. #.#
#.# ##.## #.# ##...##
#.#
#####.....######.####
.....................
.####............#
#...............@#
.####....###.###.S......
#.#......# #########
#.######## ..# ####


You could see an adder.

Vanquished Creatures
  An adder (D:5)
1 creature vanquished.

Notes
Turn   | Place    | Note
-------+----------+-------------------------------------------
     0 | D:5      | psuckher the Demonspawn Delver began the quest for the Orb.
     0 | D:5      | Reached XP level 1. HP: 18/18 MP: 1/1
    10 | D:5      | Found a staircase to the Ecumenical Temple.
    21 | Temple   | Entered the Ecumenical Temple
   350 | D:5      | Noticed an iguana
   405 | Temple   | Became a worshipper of Gozag Ym Sagoz the Greedy
   531 | D:5      | Gained mutation: You have large cloven feet. [demonic
                  | ancestry]
   531 | D:5      | Reached XP level 2. HP: 10/24 MP: 2/2
   568 | D:5      | HP: 1/24 [poisoned by an adder]
   568 | D:5      | Slain by an adder

Illustrated notes

Levels and vault maps discovered:
D:5:      layout_loops_ring, grunt_dithmenos_shadows, minmay_temple_entry_wispy,
          uniq_eustachio
Temple:   minmay_temple_curvy_loop

Action                   || total
-------------------------++-------
Melee: Hand axe          ||    12
       Kick              ||     1
  Use: Scroll            ||     2
Armor: Leather armour    ||     4
Dodge: Dodged            ||    10
